 Dungeon Crawl Stone Soup version 0.29-a0-555-g3b24f45cc1 (webtiles) character file.

Game seed: 12216454553921401117

66 zishaf the Gusty (level 4, -4/26 HPs)
             Began as a Tengu Air Elementalist on June 7, 2022.
             Slain by a gnoll
             ... wielding a +0 halberd
              (12 damage)
             ... on level 2 of the Dungeon.
             The game lasted 00:02:09 (1818 turns).

zishaf the Gusty (Tengu Air Elementalist)           Turns: 1818, Time: 00:02:11

Health: -4/26      AC:  2    Str:  9    XL:     4   Next: 15%
Magic:  5/8        EV: 12    Int: 17    God:
Gold:   128        SH:  0    Dex: 14    Spells: 4/7 levels left

rFire   . . .      SeeInvis .   (no weapon)
rCold   . . .      Faith    .   (no shield)
rNeg    + . .      Spirit   .   a - +0 robe
rPois   .          Reflect  .   (helmet restricted)
rElec   .          Harm     .   (no cloak)
rCorr   .          Rampage  .   (no gloves)
Will    .....                   (boots unavailable)
Stlth   ++........              (no amulet)
HPRegen 0.08/turn               g - ring of positive energy
MPRegen 0.11/turn               (no ring)

@: very slightly contaminated
A: beak, talons 3
a: no special abilities


You were on level 2 of the Dungeon.
You visited 1 branch of the dungeon, and saw 2 of its levels.

You collected 128 gold pieces.

Inventory:

Armour
 a - a +0 robe (worn)
Jewellery
 g - a ring of positive energy (left hand)
Scrolls
 d - a scroll of fear {unknown}
 e - a scroll of fog {unknown}
 h - a scroll of poison {unknown}
 j - a scroll of teleportation {unknown}
 k - a scroll of enchant weapon {unknown}
 l - a scroll of noise {unknown}
 m - a scroll of identify {unknown}
 n - a scroll of amnesia {unknown}
Potions
 b - 2 potions of magic
 c - a potion of attraction {unknown}
 f - a potion of lignification {unknown}
 i - a potion of degeneration {unknown}


   Skills:
 + Level 1.9 Fighting
 - Level 2.1 Dodging
 - Level 2.0 Stealth
 - Level 2.0 Spellcasting
 + Level 3.1 Conjurations
 + Level 5.0 Air Magic


You had 4 spell levels left.
You knew the following spells:

 Your Spells              Type           Power      Damage    Failure   Level
a - Shock                 Conj/Air       60%        1d6       3%          1
b - Static Discharge      Conj/Air       15%        N/A       5%          2

Your spell library contained the following spells:

 Spells                   Type           Power      Damage    Failure   Level
 Swiftness                Air            18%        N/A       8%          3
 Slow                     Hex            4%         N/A       19%         1
 Airstrike                Air            9%         N/A       24%         4
 Confusing Touch          Hex            1%         N/A       50%         3
 Vampiric Draining        Necr           1%         2d6       50%         3


Dungeon Overview and Level Annotations

Branches:
Dungeon (2/15)

Altars:
Elyvilon


Innate Abilities, Weirdness & Mutations

You have a beak for a mouth.
You have claws for feet.


Message History

Casting: Shock (safe; 3% risk of failure)
Confirm with . or Enter, or press ? or * to list all spells.
You can't see any susceptible monsters within range! (Use Z to cast anyway.)
Your magical contamination has completely faded away. 2 gnolls come into view.
Casting: Shock (safe; 3% risk of failure)
Confirm with . or Enter, or press ? or * to list all spells.
Aiming: Shock (safe; 3% risk of failure)
Press: ? - help, Shift-Dir - straight line, f - gnoll
Aim: a gnoll, wielding a +0 halberd (asleep, 100% to hit)
The zap hits the gnoll.
The gnoll is moderately wounded.
The gnoll shouts! x2
A gnoll comes into view. It is wielding a +0 spear.
Found 9 gold pieces.
Found a dagger.
A hobgoblin comes into view.
The hobgoblin shouts!
Casting: Shock (safe; 3% risk of failure)
Confirm with . or Enter, or press ? or * to list all spells.
Aiming: Shock (safe; 3% risk of failure)
Press: ? - help, Shift-Dir - straight line, f/p - gnoll
Aim: a gnoll, wielding a +0 halberd (moderately wounded, 75% to hit)
The zap hits the gnoll.
The gnoll is lightly wounded.
The zap misses the gnoll.
The gnoll shouts!
The gnoll hits you from afar with a +0 spear!
Casting: Shock (safe; 3% risk of failure)
Confirm with . or Enter, or press ? or * to list all spells.
Okay, then.
The gnoll closely misses you. The gnoll hits you with a +0 halberd!
* * * LOW HITPOINT WARNING * * *
Casting: Shock (safe; 3% risk of failure)
Confirm with . or Enter, or press ? or * to list all spells.
You miscast Static Discharge.
You are very lightly contaminated with residual magic.
Nothing appears to happen.
The gnoll barely misses you. The gnoll hits you with a +0 halberd!
You die...

##... #.####..##
###. #....
#.......... ....
#.....
#............###
#...)
#............<.#
#...# #..........
....
#..$###.........g
#### #..##g.........
### #g.g..>.......
#.. ##@g#..######
#.# ####..# #..
#....# #... ##..#.##
#.. ###..##.# #..
#...# #.# #...
#.##.#.###.###...#..
...................
#######'#######...


You could see 3 gnolls and a hobgoblin.

Vanquished Creatures
  An adder (D:2)
  3 worms (D:2)
  3 dart slugs (D:1)
  4 ball pythons
  4 bats
  5 endoplasms
  3 giant cockroaches (D:1)
  2 goblins (D:1)
  3 hobgoblins
  A kobold (D:1)
  2 quokkas
  3 frilled lizards
  7 rats (D:1)
41 creatures vanquished.

Notes
Turn   | Place    | Note
-------+----------+-------------------------------------------
     0 | D:1      | zishaf the Tengu Air Elementalist began the quest for the
                  | Orb.
     0 | D:1      | Reached XP level 1. HP: 10/10 MP: 4/4
    18 | D:1      | You fall into a shaft and drop 1 floor!
    62 | D:1      | Reached XP level 2. HP: 12/16 MP: 3/6
    67 | D:1      | Learned a level 2 spell: Static Discharge
   316 | D:1      | Reached skill level 1 in Fighting
   710 | D:1      | Reached XP level 3. HP: 16/20 MP: 1/7
  1564 | D:2      | Found a white marble altar of Elyvilon.
  1590 | D:2      | Reached XP level 4. HP: 26/26 MP: 6/8
  1745 | D:2      | Reached skill level 5 in Air Magic
  1818 | D:2      | Slain by a gnoll

Illustrated notes

Levels and vault maps discovered:
D:1:      dpeg_arrival_ratfight, layout_loops_cross
D:2:      layout_rooms, basic_altar, minmay_door_square, minivault_19

Skill      XL: |  1  2  3  4 |
---------------+-------------+-----
Conjurations   | 2 3 |  3.1
Fighting       | 1 |  1.9
Air Magic      | 5 |  5.0
Dodging        | |  2.1
Stealth        | |  2.0
Spellcasting   | |  2.0

Action                   |  1- 3 |  4- 6 || total
-------------------------+-------+-------++-------
Melee: Unarmed           |     9 |       ||     9
       Kick              |     2 |       ||     2
       Peck              |     2 |       ||     2
 Cast: Shock             |    68 |    15 ||    83
Armor: Robe              |     4 |       ||     4
Dodge: Dodged            |    16 |     2 ||    18

Table legend: (Time is in decaauts)
 A = Elapsed time spent in this place.
 B = Non-inter-level travel time spent in this place.
 C = Inter-level travel time spent in this place.
 D = Time resting spent in this place.
 E = Time spent auto-exploring this place.
 F = Levels seen in this place.
 G = Mean time per level.
                   A        B        C        D        E       F      G
               +--------+--------+--------+--------+--------+-----+--------+
         Total |   1816 |   1790 |     26 |     25 |   1557 |   2 |  908.0 |
       Dungeon |   1816 |   1790 |     26 |     25 |   1557 |   2 |  908.0 |
               +--------+--------+--------+--------+--------+-----+--------+

Top non-repeatable levels by time:
     D:1: 1326 daAuts
     D:2: 490 daAuts
